 Dungeon Crawl Stone Soup version 0.27-a0-1281-ge233d83751 (webtiles) character file.

Game seed: 11552405205908899716

485 Delamore the Poker (level 7, -4/56 HPs)
             Began as a Formicid Fighter on June 14, 2021.
             Was a Priest of Cheibriados.
             Slain by a gnoll (8 damage)
             ... on level 5 of the Dungeon.
             The game lasted 00:03:40 (4569 turns).

Delamore the Poker (Formicid Fighter)               Turns: 4569, Time: 00:03:41

Health: -4/56      AC:  8    Str: 31    XL:     7   Next: 35%
Magic:  7/7        EV:  8    Int: 15    God:    Cheibriados [***...]
Gold:   126        SH: 11    Dex: 18    Spells: 6/6 levels left

rFire    . . .     SeeInvis +   a - +1 trident
rCold    . . .     Faith    .   c - +0 kite shield
rNeg     . . .     Spirit   .   b - +0 scale mail
rPois    .         Reflect  .   (helmet unavailable)
rElec    .         Harm     .   (no cloak)
rCorr    .         Rampage  .   (no gloves)
Will     .....                  k - +0 pair of boots
Stlth    ..........             (no amulet)
HPRegen  0.18/turn              (no ring)
MPRegen  0.10/turn              (no ring)

@: very slow
A: permanent stasis, dig shafts and tunnels, antennae 3, four strong arms
a: Dig, Shaft Self, Renounce Religion, Bend Time, Temporal Distortion


You were on level 5 of the Dungeon.
You worshipped Cheibriados.
Cheibriados was most pleased with you.
You visited 1 branch of the dungeon, and saw 5 of its levels.

You collected 126 gold pieces.

Inventory:

Hand Weapons
 a - a +1 trident (weapon)
Missiles
 l - 3 boomerangs (quivered)
Armour
 b - a +0 scale mail (worn)
 c - a +0 kite shield (worn)
 k - a +0 pair of boots (worn)
Wands
 i - a wand of paralysis (6)
Scrolls
 o - a scroll of vulnerability {unknown}
Potions
 d - a potion of might
 e - a potion of magic
 f - a potion of cancellation {unknown}
 g - a potion of haste {unknown}
 h - a potion of degeneration {unknown}
 j - 4 potions of brilliance {unknown}
 m - a potion of heal wounds {unknown}
 n - a potion of berserk rage {unknown}


   Skills:
 - Level 5.0 Fighting
 * Level 6.7 Polearms
 - Level 3.2 Armour
 - Level 3.6 Shields


You had 6 spell levels left.
You didn't know any spells.
Your spell library contained the following spells:

 Spells                   Type           Power      Damage    Failure   Level
 Beastly Appendage        Tmut           0%         N/A       86%         1
 Ensorcelled Hibernation  Hex/Ice        0%         N/A       95%         2
 Wereblood                Tmut           0%         N/A       95%         2
 Ozocubu's Armour         Ice            0%         N/A       99%         3
 Spider Form              Tmut/Pois      0%         N/A       99%         3
 Ice Form                 Ice/Tmut       0%         N/A       100%        4
 Eringya's Noxious Bog    Tmut/Pois      0%         N/A       100%        6
 Simulacrum               Ice/Necr       0%         N/A       100%        6


Dungeon Overview and Level Annotations

Branches:
Dungeon (5/15)
 Temple: D:4-7

Altars:
Ashenzari
Cheibriados
Hepliaklqana
Okawaru
Ru
The Shining One

Shops:
D:3 =

Annotations:
D:3 1 runed translucent door, dfl's ghost, amateur GrEE


Innate Abilities, Weirdness & Mutations

You cannot be hasted, slowed, berserked, paralysed or teleported.
You can dig through walls and to a lower floor.
You have a pair of large antennae on your head. (SInv)
Your four strong arms can wield two-handed weapons with a shield.


Message History

You hear a shout! x2
You puncture the jackal!
You kill the jackal!
Cheibriados thoroughly appreciates the change of pace.
Cheibriados raises the support of your attributes as your movement slows.
You block the howler monkey's attack.
You puncture the howler monkey!
The howler monkey is almost dead.
The shadow imp grins evilly.
The howler monkey hits you.
You hit the howler monkey.
You kill the howler monkey!
Cheibriados thoroughly appreciates the change of pace.
The jackal bites you but does no damage.
You puncture the jackal!
You kill the jackal!
Cheibriados thoroughly appreciates the change of pace.
You block the gnoll's attack.
The shadow imp shouts, "Take thy face hence, thou pandering swag-bellied fustilarian!"
You closely miss the shadow imp.
The gnoll hits you from afar with a +0 halberd!
The shadow imp hits you but does no damage.
The gnoll closely misses you.
You barely miss the shadow imp. You block the gnoll's attack.
The shadow imp hits you.
* * * LOW HITPOINT WARNING * * *
The gnoll barely misses you.
The shadow imp hits you but does no damage.
You puncture the shadow imp!
You kill the shadow imp!
Cheibriados appreciates the change of pace.
The gnoll hits you from afar with a +0 halberd.
* * * LOW HITPOINT WARNING * * *
You puncture the gnoll shaman!
The gnoll shaman is severely wounded.
You block the gnoll's attack.
The gnoll shaman hits you with a +0 whip.
* * * LOW HITPOINT WARNING * * *
The gnoll hits you from afar with a +0 halberd!
You die...

#........# #........#
#######........####
######.............)....
...[...#######.#.##..##
.......#....<#.#.# #
......$#.......#.#
......g#########.#
.......g@........#
.......###########
#######


You could see a gnoll shaman and a gnoll (fast).

Vanquished Creatures
  Eustachio (D:4)
  Menkaure (D:4)
  A howler monkey (D:5)
  A centaur skeleton (D:4)
  A howler monkey skeleton (D:4)
  4 adders (D:3)
  2 gnolls (D:5)
  A shadow imp (D:5)
  An adder skeleton (D:4)
  2 worms (D:2)
  A dart slug (D:2)
  An orc (D:4)
  2 ball pythons (D:1)
  3 bats
  7 endoplasms
  2 giant cockroaches
  7 goblins
  6 hobgoblins
  9 jackals
  7 kobolds
  6 quokkas
  A frilled lizard (D:1)
  6 rats
73 creatures vanquished.

Notes
Turn   | Place    | Note
-------+----------+-------------------------------------------
     0 | D:1      | Delamore the Formicid Fighter began the quest for the Orb.
     0 | D:1      | Reached XP level 1. HP: 18/18 MP: 1/1
   130 | D:1      | Reached XP level 2. HP: 14/24 MP: 2/2
   245 | D:1      | Found a faded altar of an unknown god.
   316 | D:1      | Became a worshipper of Cheibriados the Contemplative
   316 | D:1      | Reached * piety under Cheibriados
   920 | D:1      | Reached XP level 3. HP: 30/30 MP: 3/3
   924 | D:1      | Reached skill level 3 in Polearms
  1064 | D:1      | Reached ** piety under Cheibriados
  2241 | D:2      | Reached XP level 4. HP: 27/37 MP: 4/4
  2935 | D:3      | Found a sacrificial altar of Ru.
  2968 | D:3      | Reached *** piety under Cheibriados
  3070 | D:3      | Found Loukurij's Jewellery Shop.
  3176 | D:3      | Found a runed translucent door.
  3177 | D:3      | Noticed dfl's ghost (amateur GrEE)
  3255 | D:3      | Reached skill level 4 in Polearms
  3307 | D:3      | Reached XP level 5. HP: 40/42 MP: 5/5
  3315 | D:3      | Found an iron altar of Okawaru.
  3392 | D:3      | Found a hazy altar of Hepliaklqana.
  3463 | D:3      | Found a broken altar of Ashenzari.
  3467 | D:3      | Saw a vision of the Shoals and the Snake Pit.
  3467 | D:3      | Noticed a salamander
  3467 | D:3      | Noticed a black mamba
  3467 | D:3      | Noticed a naga ritualist
  3467 | D:3      | Noticed a black mamba
  3467 | D:3      | Noticed a naga
  3467 | D:3      | Noticed a naga mage
  3467 | D:3      | Noticed an anaconda
  3467 | D:3      | Noticed a sea snake
  3467 | D:3      | Noticed a merfolk
  3467 | D:3      | Noticed an anaconda
  3467 | D:3      | Noticed a black mamba
  3468 | D:3      | Noticed a naga
  3689 | D:4      | Identified the Reference Book on Shifting Ice
  3812 | D:4      | Noticed Eustachio
  3837 | D:4      | Killed Eustachio
  3838 | D:4      | Reached skill level 5 in Fighting
  3838 | D:4      | Reached skill level 5 in Polearms
  3838 | D:4      | Reached XP level 6. HP: 33/51 MP: 6/6
  4026 | D:4      | Found a glowing golden altar of the Shining One.
  4090 | D:4      | Noticed Menkaure
  4098 | D:4      | Killed Menkaure
  4099 | D:4      | Reached skill level 6 in Polearms
  4099 | D:4      | Reached XP level 7. HP: 29/56 MP: 7/7
  4523 | D:5      | Entered Level 5 of the Dungeon
  4569 | D:5      | Slain by a gnoll

Illustrated notes

Levels and vault maps discovered:
D:1:      doesnt_arrival_eight_statues, layout_loops_corners,
          hellmonk_ecumenical_altar_prayer_group, chequers_serial_rivers_marsh,
          lemuel_flame_loot_1
D:2:      layout_basic, serial_corexii_hall, corexii_hall_statues_l,
          corexii_hall_statues_t, chequers_hall_statues_corner_a,
          corexii_hall_statues_deadend, chequers_hall_statues_wall_a,
          chequers_hall_statues_wall_a
D:3:      layout_basic, grunt_ashenzari_visionary
          [grunt_ashenzari_visionary_shoals, grunt_ashenzari_visionary_snake],
          lemuel_tele_altar, nicolae_ru_sacrificial_ziggurat,
          worldfamousw_hep_ancestral_shrine, gammafunk_ghost_grave,
          serial_shops, shop, minmay_misc_feat_columns, serial_park_tiny_2
D:4:      layout_loops_ring, tso_metal_star, uniq_menkaure, uniq_eustachio
D:5:      layout_basic, chequers_serial_rivers_micro_b

Skill      XL: |  1  2  3  4  5  6 |
---------------+-------------------+-----
Polearms       | 3 4 5 6 |  6.7
Fighting       | 4 5 |  5.0
Armour         | |  3.2
Shields        | |  3.6

Action                   |  1- 3 |  4- 6 |  7- 9 || total
-------------------------+-------+-------+-------++-------
Melee: Trident           |   110 |    92 |    34 ||   236
Throw: Boomerang         |       |     3 |       ||     3
 Abil: Dig               |       |     3 |       ||     3
  Use: Scroll            |     2 |     1 |     1 ||     4
Armor: Scale mail        |    36 |    31 |    17 ||    84
Dodge: Dodged            |    27 |    20 |    24 ||    71
Block: Kite shield       |    57 |    52 |    36 ||   145

Table legend: (Time is in decaauts)
 A = Elapsed time spent in this place.
 B = Non-inter-level travel time spent in this place.
 C = Inter-level travel time spent in this place.
 D = Time resting spent in this place.
 E = Time spent auto-exploring this place.
 F = Levels seen in this place.
 G = Mean time per level.
                   A        B        C        D        E       F      G
               +--------+--------+--------+--------+--------+-----+--------+
         Total |   6258 |   6061 |    197 |    443 |   4983 |   5 | 1251.6 |
       Dungeon |   6258 |   6061 |    197 |    443 |   4983 |   5 | 1251.6 |
               +--------+--------+--------+--------+--------+-----+--------+

Top non-repeatable levels by time:
     D:1: 2135 daAuts
     D:2: 1729 daAuts
     D:4: 1205 daAuts
     D:3: 1125 daAuts
     D:5: 62 daAuts
